 Dungeon Crawl Stone Soup version 0.22.1-2-g9c5b331 (webtiles) character file.

270 myga the Insei (level 6, -4/47 HPs)
             Began as a Barachi Skald on Dec 8, 2018.
             Splashed by Ijyb's acid (8 damage)
             ... on level 4 of the Dungeon.
             The game lasted 00:17:42 (2993 turns).

myga the Insei (Barachi Skald)                      Turns: 2993, Time: 00:17:43

Health: -4/47      AC:  6    Str: 13    XL:     6   Next: 22%
Magic:  2/10       EV: 13    Int: 13    God:
Gold:   138        SH:  0    Dex: 13    Spells: 2/10 levels left

rFire    . . .     SeeInvis .     - Unarmed
rCold    . . .     Gourm    .   (no shield)
rNeg     . . .     Faith    .   s - +0 robe
rPois    .         Spirit   .   (no helmet)
rElec    .         Reflect  .   l - +2 cloak
rCorr    .         Harm     .   (no gloves)
MR       .....                  n - +0 pair of boots
Stlth    +.........             (no amulet)
HPRegen  0.15/turn              (no ring)
MPRegen  0.12/turn              (no ring)

@: very slightly contaminated, slowed, very slow
A: +LOS, swims, slowness 1, strong legs 1
a: Hop


You were on level 4 of the Dungeon.
You were hungry.

You visited 1 branch of the dungeon, and saw 4 of its levels.

You collected 138 gold pieces.

Inventory:

Missiles
 e - a throwing net
 f - 128 stones (quivered)
 h - 4 arrows
Armour
 g - a +0 robe
 j - a +0 leather armour
 l - a +2 cloak (worn)
 m - a +0 leather armour
 n - a +0 pair of boots (worn)
 s - a +0 robe (worn)
Wands
 q - a wand of flame (19)
Scrolls
 a - a scroll of teleportation {unknown}
 b - a scroll of remove curse {unknown}
 d - a scroll of blinking {unknown}
 i - a scroll of enchant weapon {unknown}
 k - a scroll of amnesia {unknown}
 p - a scroll of immolation {unknown}
Potions
 o - a potion of curing
 r - a potion of heal wounds
 t - a potion of lignification {unknown}
Comestibles
 c - 6 rations
 u - 3 chunks of flesh


   Skills:
 + Level 3.1 Fighting
 + Level 2.8 Armour
 + Level 3.1 Dodging
 + Level 0.3 Stealth
 + Level 4.9 Unarmed Combat
 + Level 2.7 Spellcasting
 + Level 3.8 Charms
 + Level 0.7 Translocations


You had 2 spell levels left.
You knew the following spells:

 Your Spells              Type           Power        Failure   Level  Hunger
a - Infusion              Chrm           ##..         4%          1    #......
b - Song of Slaying       Chrm           ##......     8%          2    ###....
c - Shroud of Golubria    Chrm/Tloc      #.........   14%         2    ###....
d - Regeneration          Chrm/Necr      #.........   32%         3    ###....

Your spell library contained the following spells:

 Spells                   Type           Power        Failure   Level  Hunger
 Spectral Weapon          Hex/Chrm       #.......     32%         3    ###....


Dungeon Overview and Level Annotations

Branches:
Dungeon (4/15)
 Temple: D:4-7

Altars:

Annotations:
D:4 Ijyb


Innate Abilities, Weirdness & Mutations

Shadows flee at your approach. (+LOS)
You can swim through water.
You cover ground slowly.
You can hop short distances.


Message History

Ijyb screams, "I no like you!" Ijyb misses you. The orc closely misses you.
The orc wizard mumbles some strange words.
The orc wizard blinks!
Ijyb zaps a wand.
The bolt of acid misses you.
Ijyb zaps a wand.
The bolt of acid hits you!
You are splashed with acid!
The acid burns!
* * * LOW HITPOINT WARNING * * *
The orc misses you.
The orc wizard mumbles some strange words.
The orc wizard blinks!
Ijyb zaps a wand.
The bolt of acid hits the orc.
The orc is splashed with acid.
The orc dies!
The bolt of acid misses you.
The orc wizard mumbles some strange words.
The orc wizard blinks!
The orc wizard gestures wildly while chanting.
The orc wizard blinks!
Ijyb zaps a wand.
The bolt of acid hits you!
* * * LOW HITPOINT WARNING * * *
You are splashed with acid!
The acid burns!
You die...

.......o.ยง......#
.##.........####
#.........#
####.........#
#.........####
#.###g....#
#.)....# #.#....#
#@###### #..<#
.......####
....... .......
....... .......
.###... #...


You could see Ijyb and an orc wizard.

Vanquished Creatures
  A howler monkey (D:4)
  Jessica (D:3)
  Natasha (thrice) (D:3)
  4 adders
  An ooze (D:3)
  A worm (D:2)
  5 leopard geckos
  4 orcs (D:3)
  2 giant cockroaches
  13 goblins
  8 hobgoblins
  2 jackals (D:3)
  A ball python (D:2)
  8 bats
  6 frilled lizards
  13 kobolds
  2 rats (D:3)
75 creatures vanquished.

Vanquished Creatures (others)
  An orc wizard (D:4)
  2 orcs (D:4)
3 creatures vanquished.

Grand Total: 78 creatures vanquished

Notes
Turn   | Place    | Note
-------+----------+-------------------------------------------
     0 | D:1      | myga the Barachi Skald began the quest for the Orb.
     0 | D:1      | Reached XP level 1. HP: 17/17 MP: 3/3
   170 | D:1      | Reached XP level 2. HP: 3/23 MP: 5/5
   452 | D:1      | Learned a level 2 spell: Song of Slaying
   455 | D:1      | Learned a level 2 spell: Shroud of Golubria
   865 | D:2      | Reached XP level 3. HP: 19/28 MP: 4/6
  1290 | D:2      | Reached XP level 4. HP: 28/34 MP: 0/7
  1293 | D:2      | Reached skill level 3 in Unarmed Combat
  2447 | D:3      | Noticed Natasha
  2456 | D:3      | Killed Natasha
  2456 | D:3      | Reached XP level 5. HP: 36/41 MP: 0/8
  2470 | D:3      | Noticed Jessica
  2477 | D:3      | Killed Jessica
  2669 | D:3      | Noticed Natasha
  2684 | D:3      | Killed Natasha
  2684 | D:3      | Reached skill level 4 in Unarmed Combat
  2718 | D:3      | Noticed Natasha
  2738 | D:3      | Killed Natasha
  2923 | D:3      | Learned a level 3 spell: Regeneration
  2950 | D:4      | Reached XP level 6. HP: 47/47 MP: 3/10
  2969 | D:4      | Noticed Ijyb
  2993 | D:4      | Splashed by Ijyb's acid

Skill      XL: |  1  2  3  4  5 |
---------------+----------------+-----
Armour         | 2 |  2.8
Unarmed Combat | 3 4 |  4.9
Fighting       | 3 |  3.1
Dodging        | 3 |  3.1
Stealth        | |  0.3
Spellcasting   | |  2.7
Charms         | |  3.8
Translocations | |  0.7

Action                   |  1- 3 |  4- 6 || total
-------------------------+-------+-------++-------
Melee: Unarmed           |   160 |   165 ||   325
       Punch             |     1 |     1 ||     2
Throw: Stone             |       |     1 ||     1
 Cast: Song of Slaying   |     3 |     5 ||     8
       Infusion          |     3 |     9 ||    12
       Shroud of Golubri |     1 |     6 ||     7
       Regeneration      |       |     1 ||     1
 Abil: Hop               |       |     1 ||     1
  Use: Potion            |     2 |       ||     2
 Stab: Sleeping          |       |     2 ||     2
  Eat: Chunk             |     2 |     7 ||     9
Armor: Leather armour    |    55 |    31 ||    86
       Robe              |       |     5 ||     5
Dodge: Dodged            |   126 |    94 ||   220
